 Dungeon Crawl Stone Soup version 0.21.1-1-g345015f (webtiles) character file.

28954 tidbits the Martial Artist (level 13, -1/99 HPs)
             Began as a Gnoll Transmuter on Mar 24, 2018.
             Was a High Priest of Cheibriados.
             Slain by a soul eater (9 damage)
             ... summoned by an orc sorcerer
             ... on level 2 of the Orcish Mines.
             The game lasted 00:57:58 (4124 turns).

tidbits the Martial Artist (Gnoll Transmuter)       Turns: 4124, Time: 00:57:58

Health: -1/99      AC:  9    Str: 26    XL:     13   Next: 42%
Magic:  4/26       EV: 22    Int: 34    God:    Cheibriados [*****.]
Gold:   995        SH:  0    Dex: 31    Spells: 10/31 levels left

rFire    . . .     SeeInvis +     - Unarmed
rCold    . . .     Gourm    .   (shield currently unavailable)
rNeg     . . .     Faith    .   B - +0 troll leather armour
rPois    .         Spirit   .   E - +1 hat {MR+}
rElec    .         Reflect  .   (no cloak)
rCorr    .         Harm     .   (gloves currently unavailable)
MR       ++...                  F - +2 pair of boots
Stlth    ++++......             R - amulet of regeneration
HPRegen  1.06/turn              v - ring of see invisible
MPRegen  0.20/turn              H - ring of protection from magic

@: blade hands, drained, very slow
A: distributed training, fangs 1, strong nose
a: End Transformation, Bend Time, Temporal Distortion, Slouch, Step From Time,
Renounce Religion


You were on level 2 of the Orcish Mines.
You worshipped Cheibriados.
Cheibriados was extremely pleased with you.
You were hungry.
You had blades for hands.
You visited 4 branches of the dungeon, and saw 17 of its levels.

You collected 1275 gold pieces.
You spent 280 gold pieces at shops.

Inventory:

Hand Weapons
 a - a +0 dagger of venom (melded)
   (You took it off Josephine on level 2 of the Orcish Mines)
 b - the +4 quarterstaff "Wivoel" {crush, rC+}
   (You found it on level 7 of the Dungeon)

   It inflicts extra damage upon your enemies.
   It protects you from cold.
 g - a +0 war axe
 n - a +1 hunting sling
 q - a +2 hand axe of chopping
   (You found it on level 7 of the Dungeon)
 G - a cursed +0 morningstar
Missiles
 o - 6 tomahawks of returning (quivered)
 w - 273 arrows
 y - 24 tomahawks
 V - 4 steel tomahawks
 X - 4 javelins
Armour
 d - a +2 robe of cold resistance
   (You took it off an orc sorcerer on level 2 of the Orcish Mines)
 j - a +0 helmet
 B - a +0 troll leather armour (worn)
 D - a +0 buckler (melded)
 E - a +1 hat of magic resistance (worn)
   (You took it off Gastronok on level 10 of the Dungeon)
 F - a +2 pair of boots (worn)
 N - the +3 leather armour of Vexation {Str+4, unknown}
   (You found it on level 12 of the Dungeon)

   It affects your strength (+4).
Jewellery
 m - a +3 amulet of reflection
   (You found it on level 1 of the Dungeon)
 v - a ring of see invisible (left scythe-like blade)
   (You found it on level 5 of the Dungeon)
 H - a ring of protection from magic (right scythe-like blade)
   (You took it off Frances on level 12 of the Dungeon)
 R - an amulet of regeneration (around neck)
   (You found it on level 1 of the Dungeon)
 U - an uncursed ring of ice
   (You took it off Fannar on level 11 of the Dungeon)
Wands
 f - a wand of enslavement (23)
 p - a wand of paralysis (1)
 A - a wand of flame (16)
 T - a wand of polymorph (27)
Scrolls
 e - 2 scrolls of enchant weapon
 h - a scroll of fear
 i - 3 scrolls of teleportation
 r - 4 scrolls of remove curse
 s - a scroll of immolation
 L - a scroll of silence {unknown}
 O - a scroll of noise {unknown}
 P - 2 scrolls of magic mapping
 Q - a scroll of brand weapon {unknown}
Potions
 k - 4 potions of curing
 l - a potion of degeneration {unknown}
 u - a potion of heal wounds {unknown}
 x - 3 potions of brilliance
 z - a potion of resistance {unknown}
 C - a potion of flight
 I - 2 potions of might {unknown}
 J - a potion of magic {unknown}
 M - a potion of haste {unknown}
 Y - a potion of ambrosia
Books
 t - a book of Frost
   (You found it on level 4 of the Dungeon)

   Spells                             Type                      Level
   a - Freeze                         Ice                          1
   b - Throw Frost                    Conjuration/Ice              2
   c - Ozocubu's Armour               Charms/Ice                   3
   d - Throw Icicle                   Conjuration/Ice              4
   e - Summon Ice Beast               Ice/Summoning                4
 K - a book of Cantrips
   (You found it on level 10 of the Dungeon)

   Spells                             Type                      Level
   a - Confusing Touch                Hexes                        1
   b - Animate Skeleton               Necromancy                   1
   c - Summon Small Mammal            Summoning                    1
   d - Apportation                    Translocation                1
 S - a book of Battle
   (You found it on level 11 of the Dungeon)

   Spells                             Type                      Level
   a - Infusion                       Charms                       1
   b - Shroud of Golubria             Charms/Translocation         2
   c - Song of Slaying                Charms                       2
   d - Spectral Weapon                Hexes/Charms                 3
   e - Regeneration                   Charms/Necromancy            3
Comestibles
 c - 15 rations


   Skills:
 + Level 8.6(7.9) Fighting
 + Level 8.1(7.4) Short Blades
 + Level 8.1(7.4) Long Blades
 + Level 8.1(7.4) Axes
 + Level 8.1(7.4) Maces & Flails
 + Level 8.1(7.4) Polearms
 + Level 8.1(7.4) Staves
 + Level 8.1(7.4) Slings
 + Level 8.1(7.4) Bows
 + Level 8.1(7.4) Crossbows
 + Level 8.1(7.4) Throwing
 + Level 8.1(7.4) Armour
 + Level 9.4(8.7) Dodging
 + Level 8.1(7.4) Stealth
 + Level 8.1(7.4) Shields
 + Level 10.4(9.7) Unarmed Combat
 + Level 9.6(8.9) Spellcasting
 + Level 6.7(6.1) Conjurations
 + Level 6.7(6.1) Hexes
 + Level 6.7(6.1) Charms
 + Level 6.7(6.1) Summonings
 + Level 6.7(6.1) Necromancy
 + Level 6.7(6.1) Translocations
 + Level 7.8(7.2) Transmutations
 + Level 6.7(6.1) Fire Magic
 + Level 6.7(6.1) Ice Magic
 + Level 6.7(6.1) Air Magic
 + Level 6.7(6.1) Earth Magic
 + Level 6.7(6.1) Poison Magic
 + Level 8.9(8.2) Invocations
 + Level 8.1(7.4) Evocations


You had 10 spell levels left.
You knew the following spells:

 Your Spells              Type           Power        Failure   Level  Hunger
e - Beastly Appendage     Tmut           ######       9%          1    None
h - Blade Hands           Tmut           ######....   32%         5    ###....
i - Ice Form              Ice/Tmut       ######..     21%         4    None
k - Sticks to Snakes      Tmut           ######..     10%         2    None
o - Ozocubu's Armour      Chrm/Ice       ######..     14%         3    None
r - Regeneration          Chrm/Necr      ######....   14%         3    None
y - Song of Slaying       Chrm           ######..     11%         2    None
A - Apportation           Tloc           ######       10%         1    None


Dungeon Overview and Level Annotations

Branches:
Dungeon (13/15)            Temple (1/1) D:7            Lair (0/6) D:9
    Orc (2/2) D:9             Elf (1/3) Orc:2
 Vaults: D:13-14

Altars:
Ashenzari
Cheibriados
Fedhas
Gozag
Makhleb
Nemelex Xobeh
Okawaru
Qazlal
Ru
Sif Muna
Vehumet
Yredelemnul
Zin
The Shining One
Beogh

Shops:
D:10 [   Orc:2 }[

Annotations:
D:4 appiemonkey's ghost, novice MiGl
D:5 TheNamelessOne's ghost, novice DsFE
D:8 TheNamelessOne's ghost, novice DsCj
D:13 gear, need dig


Innate Abilities, Weirdness & Mutations

Your experience applies equally to all skills.
You have very sharp teeth.
Your uncanny sense of smell can sniff out nearby items.


Message History

Confirm with . or Enter, or press ? or * to list all spells.
Your hands turn into razor-sharp scythe blades.
Your +0 dagger of venom melds into your body.
Your +0 buckler melds into your body.
Your +0 dagger of venom stops dripping with poison.
Your skin is crawling a little less now.
Your water moccasin closely misses the orc sorcerer.
The orc sorcerer hits your orc warlord but does no damage.
The soul eater closely misses you.
Your water moccasin bites the orc sorcerer but does no damage.
The orc sorcerer barely misses your water moccasin.
An orc comes into view. It is wielding a trident.
You hit the soul eater but do no damage.
The orc sorcerer no longer looks unusually strong.
The orc warrior misses your water moccasin.
The orc sorcerer hits your orc warlord but does no damage.
The soul eater hits you!
Your water moccasin bites the orc sorcerer.
The orc sorcerer is poisoned.
Your water moccasin poisons the orc sorcerer!
You closely miss the soul eater. You bite the soul eater.
The soul eater is lightly wounded.
Your icy armour starts to melt.
The orc no longer looks unusually strong.
The orc sorcerer hits your orc warlord with a dagger!
Your water moccasin misses the orc sorcerer.
Something hits your orc warlord!!
The orc sorcerer hits your orc warlord with a dagger.
The soul eater misses you.
The orc warrior hits your water moccasin with a broad axe!
An orc priest comes into view. It is wielding a dagger.
You completely miss the soul eater.
The soul eater is lightly wounded.
The orc sorcerer no longer looks unusually strong.
The orc sorcerer dies!
Cheibriados thoroughly appreciates the change of pace.
Your water moccasin looks stronger.
The orc warrior no longer looks unusually strong.
Your water moccasin misses the soul eater.
The soul eater misses you. The orc sorcerer casts a spell at you.
The bolt of negative energy hits your orc warlord.
Your orc warlord is drained!
The bolt of negative energy hits you!
You feel drained.
Unknown command.
You hit the soul eater but do no damage.
The soul eater is lightly wounded.
The orc no longer looks unusually strong.
Your water moccasin barely misses the soul eater.
The orc warrior misses your water moccasin.
The soul eater hits you but does no damage.
The orc priest mumbles some strange prayers to Beogh against you.
Beogh smites you! The orc sorcerer casts a spell at you.
The bolt of fire hits your orc warlord. The bolt of fire hits you!
Your icy armour melts away.
* * * LOW HITPOINT WARNING * * *
Your skin stops crawling.
Your water moccasin bites the soul eater.
Something hits your orc warlord but does no damage.
Your water moccasin bites the soul eater but does no damage.
The orc warrior barely misses your water moccasin.
The soul eater draws from the surrounding life force!
* * * LOW HITPOINT WARNING * * *
Your water moccasin is heavily wounded.
The soul eater is healed.
The orc sorcerer points at you and mumbles some strange words.
The bolt of negative energy hits your orc warlord.
Your orc warlord is drained!
The bolt of negative energy misses you. Something hits your orc warlord!
Your orc warlord dies!
Something hits your water moccasin!
Your water moccasin bites the soul eater but does no damage.
The orc sorcerer closely misses your water moccasin.
Unknown command.
You slice the soul eater!! Your bite misses the soul eater.
The soul eater is heavily wounded.
Okay, then.
Unknown command.
Okay, then.
Unknown command.
Really harm your water moccasin?
You can feel time thicken for a moment.
You kill your water moccasin!
You feel somewhat more hungry.
The soul eater draws from the surrounding life force!
* * * LOW HITPOINT WARNING * * *
The soul eater is healed.
Unknown command.
You can feel time thicken for a moment.
You kill the orc warrior!
Cheibriados thoroughly appreciates the change of pace.
You kill the orc!
Cheibriados thoroughly appreciates the change of pace.
You kill the orc priest!
Cheibriados appreciates the change of pace.
You feel somewhat more hungry.
Cheibriados lowers the support of your attributes as your movement quickens.
The soul eater hits you!
You die...

....## o.##..#.#.................
.....#####..#.................#..
....[).......#.#......<..........
....#####.....##.<..#............
##.## ##.#.##..................
.### #######...##########.... ##
##..## ###.. .# #...# ##. ##
##.@#### #. ## ##..3#.8##ยง# ##
.# #..8)ooo.... # ##
#.....))o..o. # .# ##..8.).)....
# ## #.....#.8##'# ## #
#......#### . #. # #.......# ##.
# #######.##...## ###..


You could see an orc knight and a soul eater.

Vanquished Creatures
  Gastronok (D:10)
  Frances (D:12)
  Josephine (Orc:2)
  Fannar (D:11)
  A hydra (D:12)
  A centaur warrior (D:13)
  4 two-headed ogres
  An orc high priest (Orc:1)
  5 slime creatures (D:12)
  An unseen horror (D:11)
  2 orc knights (Orc:2)
  A cyclops (D:12)
  5 orc sorcerers
  An ugly thing (D:11)
  A manticore (D:11)
  A centaur zombie (D:11)
  Psyche (D:10)
  5 trolls
  A hornet (D:10)
  2 hippogriffs (D:10)
  2 shadows
  3 wraiths (Orc:2)
  A wyvern (D:11)
  17 yaks
  A hungry ghost (D:13)
  4 wargs (Orc:2)
  A porcupine (D:9)
  21 orc warriors
  2 sky beasts
  A phantom (D:9)
  4 ice beasts
  9 ogres
  9 centaurs
  A crocodile (D:12)
  4 big kobolds
  2 scorpions (D:7)
  9 killer bees
  3 howler monkeys
  2 hounds
  2 jellies (D:11)
  20 orc priests
  15 orc wizards
  A bullfrog skeleton (D:12)
  5 worker ants
  2 adders
  A shadow imp (D:6)
  An ooze (D:3)
  An adder zombie (D:5)
  2 worms
  2 dart slugs
  A leopard gecko (D:9)
  54 orcs
  4 bats
  2 giant cockroaches
  4 goblins
  A hobgoblin (D:2)
  7 jackals
  3 quokkas
  A frilled lizard (D:1)
  9 kobolds
  A quokka skeleton (D:7)
  7 rats (D:1)
279 creatures vanquished.

Vanquished Creatures (collateral kills)
  A two-headed ogre (D:11)
  An orc sorcerer (Orc:2)
  An ugly thing (D:12)
  A bullfrog (D:8)
  A howler monkey (D:7)
  2 centaur skeletons
  An orc priest (Orc:2)
  2 orc wizards (Orc:2)
  A killer bee zombie (D:8)
  A worker ant zombie (D:10)
  2 adders (D:8)
  11 orcs (Orc:2)
  A bat (D:2)
  2 kobolds
  A quokka (D:2)
29 creatures vanquished.

Vanquished Creatures (others)
  An orc warlord (Orc:2)
  An orc warrior (Orc:2)
2 creatures vanquished.

Grand Total: 310 creatures vanquished

Notes
Turn   | Place    | Note
-------+----------+-------------------------------------------
     0 | D:1      | tidbits the Gnoll Transmuter began the quest for the Orb.
     0 | D:1      | Reached XP level 1. HP: 17/17 MP: 6/6
   115 | D:1      | Reached XP level 2. HP: 23/23 MP: 5/7
   181 | D:2      | Found a basalt altar of Yredelemnul.
   371 | D:1      | Learned a level 2 spell: Sticks to Snakes
   386 | D:2      | Reached XP level 3. HP: 14/28 MP: 6/9
   388 | D:2      | Reached skill level 5 in Spellcasting
   403 | D:2      | Learned a level 3 spell: Spider Form
   417 | D:2      | Reached skill level 1 in Short Blades
   417 | D:2      | Reached skill level 1 in Long Blades
   417 | D:2      | Reached skill level 1 in Axes
   417 | D:2      | Reached skill level 1 in Maces & Flails
   417 | D:2      | Reached skill level 1 in Polearms
   417 | D:2      | Reached skill level 1 in Staves
   417 | D:2      | Reached skill level 1 in Slings
   417 | D:2      | Reached skill level 1 in Bows
   417 | D:2      | Reached skill level 1 in Crossbows
   417 | D:2      | Reached skill level 1 in Throwing
   417 | D:2      | Reached skill level 1 in Armour
   417 | D:2      | Reached skill level 1 in Stealth
   417 | D:2      | Reached skill level 1 in Shields
   417 | D:2      | Reached skill level 1 in Invocations
   417 | D:2      | Reached skill level 1 in Evocations
   425 | D:2      | Reached XP level 4. HP: 20/34 MP: 4/11
   498 | D:4      | Noticed appiemonkey's ghost (novice MiGl)
   513 | D:4      | Reached skill level 1 in Conjurations
   513 | D:4      | Reached skill level 1 in Hexes
   513 | D:4      | Reached skill level 1 in Charms
   513 | D:4      | Reached skill level 1 in Summonings
   513 | D:4      | Reached skill level 1 in Necromancy
   513 | D:4      | Reached skill level 1 in Translocations
   513 | D:4      | Reached skill level 1 in Fire Magic
   513 | D:4      | Reached skill level 1 in Ice Magic
   513 | D:4      | Reached skill level 1 in Air Magic
   513 | D:4      | Reached skill level 1 in Earth Magic
   513 | D:4      | Reached skill level 1 in Poison Magic
   545 | D:5      | Entered Level 5 of the Dungeon
   566 | D:5      | Reached XP level 5. HP: 30/40 MP: 2/12
   609 | D:5      | Noticed an ogre
   617 | D:5      | Reached skill level 3 in Fighting
   635 | D:5      | Killed an ogre
   635 | D:5      | Reached skill level 4 in Transmutations
   635 | D:5      | Reached skill level 2 in Invocations
   635 | D:5      | Reached XP level 6. HP: 30/47 MP: 0/13
   653 | D:5      | Noticed TheNamelessOne's ghost (novice DsFE)
   764 | D:4      | Learned a level 3 spell: Ozocubu's Armour
  1015 | D:7      | Reached skill level 5 in Dodging
  1073 | D:7      | Got a warped quarterstaff
  1081 | D:7      | Found a staircase to the Ecumenical Temple.
  1090 | Temple   | Entered the Ecumenical Temple
  1121 | Temple   | Became a worshipper of Cheibriados the Contemplative
  1159 | D:7      | Reached skill level 2 in Short Blades
  1159 | D:7      | Reached skill level 2 in Long Blades
  1159 | D:7      | Reached skill level 2 in Axes
  1159 | D:7      | Reached skill level 2 in Maces & Flails
  1159 | D:7      | Reached skill level 2 in Polearms
  1159 | D:7      | Reached skill level 2 in Staves
  1159 | D:7      | Reached skill level 2 in Slings
  1159 | D:7      | Reached skill level 2 in Bows
  1159 | D:7      | Reached skill level 2 in Crossbows
  1159 | D:7      | Reached skill level 2 in Throwing
  1159 | D:7      | Reached skill level 2 in Armour
  1159 | D:7      | Reached skill level 2 in Stealth
  1159 | D:7      | Reached skill level 2 in Shields
  1159 | D:7      | Reached skill level 2 in Evocations
  1184 | D:7      | Reached XP level 7. HP: 52/52 MP: 1/15
  1191 | D:7      | Reached skill level 7 in Unarmed Combat
  1290 | D:8      | Reached skill level 2 in Conjurations
  1290 | D:8      | Reached skill level 2 in Hexes
  1290 | D:8      | Reached skill level 2 in Charms
  1290 | D:8      | Reached skill level 2 in Summonings
  1290 | D:8      | Reached skill level 2 in Necromancy
  1290 | D:8      | Reached skill level 2 in Translocations
  1290 | D:8      | Reached skill level 2 in Fire Magic
  1290 | D:8      | Reached skill level 2 in Ice Magic
  1290 | D:8      | Reached skill level 2 in Air Magic
  1290 | D:8      | Reached skill level 2 in Earth Magic
  1290 | D:8      | Reached skill level 2 in Poison Magic
  1306 | D:8      | Reached * piety under Cheibriados
  1312 | D:8      | Reached skill level 3 in Invocations
  1376 | D:8      | Found a sacrificial altar of Ru.
  1376 | D:8      | Noticed TheNamelessOne's ghost (novice DsCj)
  1384 | D:9      | Learned a level 4 spell: Ice Form
  1417 | D:9      | Identified the +4 quarterstaff "Wivoel" {crush, rC+} (You found it on level 7 of the Dungeon)
  1448 | D:9      | Reached XP level 8. HP: 52/60 MP: 8/16
  1614 | D:9      | Noticed a two-headed ogre
  1631 | D:9      | Killed a two-headed ogre
  1631 | D:9      | Reached skill level 4 in Fighting
  1631 | D:9      | Reached skill level 3 in Short Blades
  1631 | D:9      | Reached skill level 3 in Long Blades
  1631 | D:9      | Reached skill level 3 in Axes
  1631 | D:9      | Reached skill level 3 in Maces & Flails
  1631 | D:9      | Reached skill level 3 in Polearms
  1631 | D:9      | Reached skill level 3 in Staves
  1631 | D:9      | Reached skill level 3 in Slings
  1631 | D:9      | Reached skill level 3 in Bows
  1631 | D:9      | Reached skill level 3 in Crossbows
  1631 | D:9      | Reached skill level 3 in Throwing
  1631 | D:9      | Reached skill level 3 in Armour
  1631 | D:9      | Reached skill level 3 in Stealth
  1631 | D:9      | Reached skill level 3 in Shields
  1631 | D:9      | Reached skill level 6 in Spellcasting
  1631 | D:9      | Reached skill level 3 in Evocations
  1657 | D:10     | Entered Level 10 of the Dungeon
  1671 | D:10     | Noticed a hippogriff
  1681 | D:10     | Killed a hippogriff
  1681 | D:10     | Reached skill level 6 in Dodging
  1681 | D:10     | Reached skill level 3 in Conjurations
  1681 | D:10     | Reached skill level 3 in Hexes
  1681 | D:10     | Reached skill level 3 in Charms
  1681 | D:10     | Reached skill level 3 in Summonings
  1681 | D:10     | Reached skill level 3 in Necromancy
  1681 | D:10     | Reached skill level 3 in Translocations
  1681 | D:10     | Reached skill level 3 in Fire Magic
  1681 | D:10     | Reached skill level 3 in Ice Magic
  1681 | D:10     | Reached skill level 3 in Air Magic
  1681 | D:10     | Reached skill level 3 in Earth Magic
  1681 | D:10     | Reached skill level 3 in Poison Magic
  1681 | D:10     | Reached skill level 4 in Invocations
  1681 | D:10     | Reached XP level 9. HP: 66/66 MP: 7/18
  1693 | D:10     | Noticed Psyche
  1706 | D:10     | Killed Psyche
  1706 | D:10     | Reached skill level 4 in Short Blades
  1706 | D:10     | Reached skill level 4 in Long Blades
  1706 | D:10     | Reached skill level 4 in Axes
  1706 | D:10     | Reached skill level 4 in Maces & Flails
  1706 | D:10     | Reached skill level 4 in Polearms
  1706 | D:10     | Reached skill level 4 in Staves
  1706 | D:10     | Reached skill level 4 in Slings
  1706 | D:10     | Reached skill level 4 in Bows
  1706 | D:10     | Reached skill level 4 in Crossbows
  1706 | D:10     | Reached skill level 4 in Throwing
  1706 | D:10     | Reached skill level 4 in Armour
  1706 | D:10     | Reached skill level 4 in Stealth
  1706 | D:10     | Reached skill level 4 in Shields
  1706 | D:10     | Reached skill level 5 in Transmutations
  1706 | D:10     | Reached skill level 4 in Evocations
  1748 | D:9      | Found a staircase to the Orcish Mines.
  1780 | D:9      | Reached skill level 5 in Fighting
  1834 | D:9      | Learned a level 1 spell: Apportation
  1886 | D:9      | Found a staircase to the Lair.
  1891 | D:9      | Reached skill level 8 in Unarmed Combat
  1903 | D:9      | Noticed a troll
  1913 | D:9      | Killed a troll
  1913 | D:9      | Reached skill level 5 in Invocations
  1916 | D:9      | Found a blossoming altar of Fedhas.
  1998 | D:10     | Noticed a hornet
  2008 | D:10     | Killed a hornet
  2008 | D:10     | Reached skill level 7 in Spellcasting
  2008 | D:10     | Reached XP level 10. HP: 74/74 MP: 16/20
  2019 | D:10     | Reached ** piety under Cheibriados
  2026 | D:11     | Reached skill level 4 in Conjurations
  2026 | D:11     | Reached skill level 4 in Hexes
  2026 | D:11     | Reached skill level 4 in Charms
  2026 | D:11     | Reached skill level 4 in Summonings
  2026 | D:11     | Reached skill level 4 in Necromancy
  2026 | D:11     | Reached skill level 4 in Translocations
  2026 | D:11     | Reached skill level 4 in Fire Magic
  2026 | D:11     | Reached skill level 4 in Ice Magic
  2026 | D:11     | Reached skill level 4 in Air Magic
  2026 | D:11     | Reached skill level 4 in Earth Magic
  2026 | D:11     | Reached skill level 4 in Poison Magic
  2049 | D:10     | Found Gonef's Armour Shoppe.
  2131 | D:10     | Got a scorched rapier
  2181 | D:11     | Noticed a two-headed ogre
  2189 | D:11     | Reached skill level 5 in Short Blades
  2189 | D:11     | Reached skill level 5 in Long Blades
  2189 | D:11     | Reached skill level 5 in Axes
  2189 | D:11     | Reached skill level 5 in Maces & Flails
  2189 | D:11     | Reached skill level 5 in Polearms
  2189 | D:11     | Reached skill level 5 in Staves
  2189 | D:11     | Reached skill level 5 in Slings
  2189 | D:11     | Reached skill level 5 in Bows
  2189 | D:11     | Reached skill level 5 in Crossbows
  2189 | D:11     | Reached skill level 5 in Throwing
  2189 | D:11     | Reached skill level 5 in Armour
  2189 | D:11     | Reached skill level 5 in Stealth
  2189 | D:11     | Reached skill level 5 in Shields
  2189 | D:11     | Reached skill level 5 in Evocations
  2194 | D:11     | Killed a two-headed ogre
  2194 | D:11     | Reached skill level 7 in Dodging
  2203 | D:11     | Noticed a two-headed ogre
  2209 | D:11     | Killed a two-headed ogre
  2209 | D:11     | Reached skill level 6 in Fighting
  2213 | D:11     | Identified the +1 rapier of Temperance {holy, rN+ Str-3 Dex+2} (You found it on level 10 of the Dungeon)
  2249 | D:11     | Learned a level 3 spell: Regeneration
  2267 | D:11     | Learned a level 5 spell: Blade Hands
  2292 | D:11     | Noticed Fannar
  2301 | D:11     | Noticed an unseen horror
  2305 | D:11     | Reached skill level 6 in Transmutations
  2305 | D:11     | Reached skill level 6 in Invocations
  2310 | D:11     | Killed an unseen horror
  2320 | D:11     | Killed Fannar
  2320 | D:11     | Reached *** piety under Cheibriados
  2320 | D:11     | Reached XP level 11. HP: 82/82 MP: 14/22
  2373 | D:11     | Noticed a manticore
  2391 | D:11     | Killed a manticore
  2391 | D:11     | Reached skill level 6 in Short Blades
  2391 | D:11     | Reached skill level 6 in Long Blades
  2391 | D:11     | Reached skill level 6 in Axes
  2391 | D:11     | Reached skill level 6 in Maces & Flails
  2391 | D:11     | Reached skill level 6 in Polearms
  2391 | D:11     | Reached skill level 6 in Staves
  2391 | D:11     | Reached skill level 6 in Slings
  2391 | D:11     | Reached skill level 6 in Bows
  2391 | D:11     | Reached skill level 6 in Crossbows
  2391 | D:11     | Reached skill level 6 in Throwing
  2391 | D:11     | Reached skill level 6 in Armour
  2391 | D:11     | Reached skill level 6 in Stealth
  2391 | D:11     | Reached skill level 6 in Shields
  2391 | D:11     | Reached skill level 9 in Unarmed Combat
  2391 | D:11     | Reached skill level 6 in Evocations
  2398 | D:11     | Noticed a purple ugly thing
  2407 | D:11     | Killed a purple ugly thing
  2407 | D:11     | Reached skill level 5 in Conjurations
  2407 | D:11     | Reached skill level 5 in Hexes
  2407 | D:11     | Reached skill level 5 in Charms
  2407 | D:11     | Reached skill level 5 in Summonings
  2407 | D:11     | Reached skill level 5 in Necromancy
  2407 | D:11     | Reached skill level 5 in Translocations
  2407 | D:11     | Reached skill level 5 in Fire Magic
  2407 | D:11     | Reached skill level 5 in Ice Magic
  2407 | D:11     | Reached skill level 5 in Air Magic
  2407 | D:11     | Reached skill level 5 in Earth Magic
  2407 | D:11     | Reached skill level 5 in Poison Magic
  2410 | D:11     | Noticed a two-headed ogre
  2443 | D:10     | Noticed Gastronok
  2456 | D:10     | Killed Gastronok
  2456 | D:10     | Reached skill level 8 in Spellcasting
  2499 | D:11     | Killed a two-headed ogre
  2499 | D:11     | Reached skill level 7 in Invocations
  2596 | D:11     | Reached skill level 7 in Fighting
  2596 | D:11     | Reached skill level 8 in Dodging
  2639 | D:11     | Learned a level 2 spell: Song of Slaying
  2691 | D:12     | Noticed a cyclops
  2697 | D:12     | Killed a cyclops
  2717 | D:13     | Noticed a centaur warrior
  2737 | D:13     | Killed a centaur warrior
  2847 | D:13     | Reached **** piety under Cheibriados
  2851 | D:13     | Reached XP level 12. HP: 86/91 MP: 16/24
  2940 | D:12     | Reached skill level 7 in Transmutations
  2954 | D:12     | Reached skill level 7 in Short Blades
  2954 | D:12     | Reached skill level 7 in Long Blades
  2954 | D:12     | Reached skill level 7 in Axes
  2954 | D:12     | Reached skill level 7 in Maces & Flails
  2954 | D:12     | Reached skill level 7 in Polearms
  2954 | D:12     | Reached skill level 7 in Staves
  2954 | D:12     | Reached skill level 7 in Slings
  2954 | D:12     | Reached skill level 7 in Bows
  2954 | D:12     | Reached skill level 7 in Crossbows
  2954 | D:12     | Reached skill level 7 in Throwing
  2954 | D:12     | Reached skill level 7 in Armour
  2954 | D:12     | Reached skill level 7 in Stealth
  2954 | D:12     | Reached skill level 7 in Shields
  2954 | D:12     | Reached skill level 7 in Evocations
  3010 | D:12     | Noticed a two-headed ogre
  3017 | D:12     | Killed a two-headed ogre
  3032 | D:12     | Reached skill level 6 in Conjurations
  3032 | D:12     | Reached skill level 6 in Hexes
  3032 | D:12     | Reached skill level 6 in Charms
  3032 | D:12     | Reached skill level 6 in Summonings
  3032 | D:12     | Reached skill level 6 in Necromancy
  3032 | D:12     | Reached skill level 6 in Translocations
  3032 | D:12     | Reached skill level 6 in Fire Magic
  3032 | D:12     | Reached skill level 6 in Ice Magic
  3032 | D:12     | Reached skill level 6 in Air Magic
  3032 | D:12     | Reached skill level 6 in Earth Magic
  3032 | D:12     | Reached skill level 6 in Poison Magic
  3042 | D:12     | Noticed Frances
  3050 | D:12     | Killed Frances
  3050 | D:12     | Reached ***** piety under Cheibriados
  3050 | D:12     | Reached skill level 9 in Spellcasting
  3050 | D:12     | Reached skill level 8 in Invocations
  3062 | D:12     | Got a shimmering leather armour
  3145 | D:12     | Noticed a six-headed hydra
  3153 | D:12     | Killed a six-headed hydra
  3187 | D:10     | Bought a +2 pair of boots for 280 gold pieces
  3213 | Orc:1    | Entered Level 1 of the Orcish Mines
  3219 | Orc:1    | Reached skill level 8 in Fighting
  3219 | Orc:1    | Reached skill level 10 in Unarmed Combat
  3248 | Orc:2    | Entered Level 2 of the Orcish Mines
  3428 | Orc:2    | Found a roughly hewn altar of Beogh.
  3458 | Orc:2    | Reached skill level 9 in Dodging
  3485 | Orc:2    | Noticed Josephine
  3498 | Orc:2    | Killed Josephine
  3498 | Orc:2    | Reached XP level 13. HP: 91/98 MP: 7/26
  3584 | Orc:2    | Found Sekhlaptixo's Antique Armour Shoppe.
  3687 | Orc:2    | Found a staircase to the Elven Halls.
  3717 | Elf:1    | Entered Level 1 of the Elven Halls
  3717 | Elf:1    | Noticed a deep elf demonologist
  3719 | Elf:1    | Noticed an Executioner
  3813 | Orc:2    | Reached skill level 8 in Short Blades
  3813 | Orc:2    | Reached skill level 8 in Long Blades
  3813 | Orc:2    | Reached skill level 8 in Axes
  3813 | Orc:2    | Reached skill level 8 in Maces & Flails
  3813 | Orc:2    | Reached skill level 8 in Polearms
  3813 | Orc:2    | Reached skill level 8 in Staves
  3813 | Orc:2    | Reached skill level 8 in Slings
  3813 | Orc:2    | Reached skill level 8 in Bows
  3813 | Orc:2    | Reached skill level 8 in Crossbows
  3813 | Orc:2    | Reached skill level 8 in Throwing
  3813 | Orc:2    | Reached skill level 8 in Armour
  3813 | Orc:2    | Reached skill level 8 in Stealth
  3813 | Orc:2    | Reached skill level 8 in Shields
  3813 | Orc:2    | Reached skill level 8 in Evocations
  3829 | Orc:1    | Reached ****** piety under Cheibriados
  3914 | Orc:2    | Found a roughly hewn altar of Beogh.
  3968 | Orc:2    | Found a roughly hewn altar of Beogh.
  3968 | Orc:2    | Found Vaiminot's Gadget Shop.
  3987 | Orc:2    | Found a roughly hewn altar of Beogh.
  4007 | Orc:2    | Found a roughly hewn altar of Beogh.
  4100 | Orc:2    | Noticed an orc warlord
  4123 | Orc:2    | HP: 7/99 [soul eater/drain life[an orc sorcerer] (17)]
  4124 | Orc:2    | Slain by a soul eater

Skill      XL: |  1  2  3  4  5  6  7  8  9 10 11 12 13 |
---------------+----------------------------------------+-----
Spellcasting   | 5 6 7 8 9 |  9.6
Short Blades   | 1 2 3 4 5 6 7 8 |  8.1
Long Blades    | 1 2 3 4 5 6 7 8 |  8.1
Axes           | 1 2 3 4 5 6 7 8 |  8.1
Maces & Flails | 1 2 3 4 5 6 7 8 |  8.1
Polearms       | 1 2 3 4 5 6 7 8 |  8.1
Staves         | 1 2 3 4 5 6 7 8 |  8.1
Slings         | 1 2 3 4 5 6 7 8 |  8.1
Bows           | 1 2 3 4 5 6 7 8 |  8.1
Crossbows      | 1 2 3 4 5 6 7 8 |  8.1
Throwing       | 1 2 3 4 5 6 7 8 |  8.1
Armour         | 1 2 3 4 5 6 7 8 |  8.1
Stealth        | 1 2 3 4 5 6 7 8 |  8.1
Shields        | 1 2 3 4 5 6 7 8 |  8.1
Invocations    | 1 2 3 4 5 6 7 8 |  8.9
Evocations     | 1 2 3 4 5 6 7 8 |  8.1
Conjurations   | 1 2 3 4 5 6 |  6.7
Hexes          | 1 2 3 4 5 6 |  6.7
Charms         | 1 2 3 4 5 6 |  6.7
Summonings     | 1 2 3 4 5 6 |  6.7
Necromancy     | 1 2 3 4 5 6 |  6.7
Translocations | 1 2 3 4 5 6 |  6.7
Fire Magic     | 1 2 3 4 5 6 |  6.7
Ice Magic      | 1 2 3 4 5 6 |  6.7
Air Magic      | 1 2 3 4 5 6 |  6.7
Earth Magic    | 1 2 3 4 5 6 |  6.7
Poison Magic   | 1 2 3 4 5 6 |  6.7
Fighting       | 3 4 5 6 7 8 |  8.6
Transmutations | 4 5 6 7 |  7.8
Dodging        | 5 6 7 8 9 |  9.4
Unarmed Combat | 7 8 9 10 | 10.4

Action                   |  1- 3 |  4- 6 |  7- 9 | 10-12 | 13-15 || total
-------------------------+-------+-------+-------+-------+-------++-------
Melee: Unarmed           |    45 |    83 |   104 |   295 |   119 ||   646
       Bite              |     4 |     1 |     3 |    39 |    20 ||    67
       Kick              |     3 |       |       |       |       ||     3
       Punch             |     1 |       |       |    11 |     7 ||    19
       Headbutt          |     1 |       |       |       |       ||     1
       Quarterstaff      |       |       |    11 |       |       ||    11
       Dagger            |       |       |       |    14 |     6 ||    20
Throw: Tomahawk          |       |       |     4 |     5 |     4 ||    13
 Cast: Beastly Appendage |    11 |       |     1 |       |       ||    12
       Sticks to Snakes  |     2 |     6 |     8 |    10 |     7 ||    33
       Spider Form       |     1 |    17 |     6 |       |       ||    24
       Ozocubu's Armour  |       |     1 |     6 |    19 |     9 ||    35
       Ice Form          |       |       |     5 |     9 |       ||    14
       Apportation       |       |       |     8 |    44 |    12 ||    64
       Regeneration      |       |       |       |     6 |     6 ||    12
       Blade Hands       |       |       |       |    14 |    11 ||    25
       Song of Slaying   |       |       |       |     1 |       ||     1
Invok: Slouch            |       |       |       |       |     3 ||     3
 Abil: End Transformatio |       |       |     2 |     5 |     5 ||    12
Evoke: Wand              |       |       |     9 |     7 |     7 ||    23
  Use: Scroll            |       |     9 |     1 |     8 |     2 ||    20
       Potion            |       |     1 |       |     1 |       ||     2
 Stab: Distracted        |     1 |     1 |     2 |     3 |     1 ||     8
       Sleeping          |       |       |     3 |     5 |     3 ||    11
       Paralysed         |       |       |     7 |     7 |       ||    14
  Eat: Chunk             |       |     2 |     3 |     5 |     3 ||    13
       Ration            |       |       |       |     1 |       ||     1
Armor: Robe              |    11 |     1 |     4 |       |       ||    16
       Skin              |       |     2 |    25 |    31 |       ||    58
       Troll leather arm |       |       |       |    29 |    22 ||    51
Dodge: Dodged            |    42 |    75 |   101 |   243 |   104 ||   565
Block: Buckler           |       |       |       |    10 |     6 ||    16

Table legend:
 A = Turns spent in this place as a percentage of turns spent in the entire game.
 B = Non-inter-level travel turns spent in this place as a percentage of non-inter-level travel turns spent in the entire game.
 C = Inter-level travel turns spent in this place as a percentage of turns spent in this place.
 D = Turns resting spent in this place as a percentage of non-inter-level travel turns spent in this place.
 E = Turns spent auto-exploring this place as a percentage of non-inter-level travel turns spent in this place.
 F = Non-inter-level travel turns spent in this place divided by the number of levels of this place that you've seen.
                   A       B       C       D       E      F
               +-------+-------+-------+-------+-------+----------------------
         Total | 100.0 | 100.0 |   2.0 |   0.0 |   0.0 | 237.7
       Dungeon |  76.4 |  77.2 |   1.0 |   0.0 |   0.0 | 240.0
        Temple |   1.5 |   0.8 |  46.8 |   0.0 |   0.0 |  33.0
  Orcish Mines |  22.0 |  21.9 |   2.5 |   0.0 |   0.0 | 442.5
   Elven Halls |   0.1 |   0.1 |   0.0 |   0.0 |   0.0 |   3.0
               +-------+-------+-------+-------+-------+----------------------

Table legend:
 A = Kills in this place as a percentage of kills in entire the game.
 B = Kills by you in this place as a percentage of kills by you in the entire game.
 C = Kills by friends in this place as a percentage of kills by friends in the entire game.
 D = Other kills in this place as a percentage of other kills in the entire game.
 E = Experience gained in this place as a percentage of experience gained in the entire game.
 F = Experience gained in this place divided by the number of levels of this place that you have seen.
                   A       B       C       D       E      F
               +-------+-------+-------+-------+-------+----------------------
         Total | 100.0 | 100.0 | 100.0 |   N/A | 100.0 | 2433.1
       Dungeon |  57.8 |  58.8 |  48.3 |   N/A |  68.8 | 2189.5
  Orcish Mines |  42.2 |  41.2 |  51.7 |   N/A |  31.2 | 6450.0
               +-------+-------+-------+-------+-------+----------------------

Vault maps used:
D:1:      giann_forest_graveyard
D:2:      yredelemnul_altar_generic
D:4:      first_ration
D:6:      basic_altar
D:7:      kennysheep_mini_moat, minmay_temple_entry_junction
D:8:      basic_altar
D:9:      grunt_lair_entry_orc_guard_hut, orc_0_dummy, basic_altar
D:10:     serial_shops, shop, hangedman_ranch, kennysheep_another_room,
          uniq_psyche, uniq_gastronok
D:11:     uniq_fannar
D:12:     uniq_frances
D:13:     grunt_vaults_entry_fortified, evilmike_surprise_oklob
Temple:   kilobyte_greek_temple
Orc:2:    grunt_orc_community_town_hall, grunt_orc_community_big_house_1,
          grunt_orc_community_big_house_1, grunt_orc_community_house_1,
          grunt_orc_community_house_3, grunt_orc_community_house_3,
          grunt_orc_community_house_1, grunt_orc_community_house_2,
          grunt_orc_community_house_1, serial_shops, shop_fountains,
          guppyfry_library_mini, uniq_josephine
Elf:1:    minmay_elf_arrival_summoners, orc_legates
